 Dungeon Crawl Stone Soup version 0.16-a0-2150-g7556756 (webtiles) character file.

1508355 Ratboiler the Invulnerable (level 27, 261/261 HPs)
             Began as a Hill Orc Wanderer on Nov 13, 2014.
             Was a High Priest of Trog.
             Escaped with the Orb
             ... and 3 runes on Nov 14, 2014!
             The game lasted 04:43:15 (84325 turns).

Ratboiler the Invulnerable (Hill Orc Wanderer)     Turns: 84325, Time: 04:43:16

Health: 261/261    AC: 46    Str: 21    XL:     27
Magic:  13/13      EV: 19    Int: 14    God:    Trog [*****.]
Gold:   3459       SH: 18    Dex: 19    Spells: 0 memorised, 26 levels left

rFire  + . .     SeeInvis .     i - +2 broad axe (antimagic)
rCold  + . .     Clarity  .     F - +8 plate armour "Pejuri" {rPois rCorr}
rNeg   . . .     SustAb   .     M - +4 shield
rPois  +         Gourm    .     G - +2 helmet
rElec  +         Spirit   .     V - +1 cloak of the Barber Surgeon {rElec rPois rC+ rCorr}
rCorr  +         Warding  .     Q - +2 pair of gloves of Doyhic {rPois}
rMut   .         Stasis   .     O - +2 pair of boots
MR     ++...                    s - amulet of Iximuag {rElec rPois Int+4 Slay+6 Regen}
Stlth  ..........               T - +5 ring of slaying
                                t - ring of protection from fire

@: very resistant to hostile enchantments, extremely unstealthy
A: high mp 1
a: Burn Spellbooks, Berserk, Trog's Hand, Brothers in Arms, Renounce Religion
0: Orb of Zot
}: 3/15 runes: decaying, serpentine, slimy


You escaped.
You worshipped Trog.
Trog was extremely pleased with you.
You were not hungry.

You visited 10 branches of the dungeon, and saw 58 of its levels.
You visited 1 bazaar.
You also visited: Ice Cave.

You collected 6994 gold pieces.
You spent 3535 gold pieces at shops.

Inventory:

Hand weapons
 a - the +9 executioner's axe "Dieril" {chop, +Blink +Fly Dex+2}
   (Trog gifted it to you on level 3 of the Lair of Beasts)

   It inflicts extra damage upon your enemies.
   It affects your dexterity (+2).
   It lets you fly.
   It lets you blink.
 b - the +9 broad axe of Demand {chop, Stlth+ Curse}
   (You bought it in a shop on level 4 of the Orcish Mines)

   It inflicts extra damage upon your enemies.
   It may recurse itself when equipped.
   It makes you more stealthy.
 i - a +2 antimagic broad axe (weapon)
Missiles
 z - 2 javelins (quivered)
Armour
 f - a +0 buckler of fire resistance
 F - the +8 plate armour "Pejuri" (worn) {rPois rCorr}
   (You found it on level 6 of the Pits of Slime)

   It protects you from poison.
   It protects you from acid and corrosion.
 G - a +2 helmet (worn)
 M - a +4 shield (worn)
 O - a +2 pair of boots (worn)
 Q - the +2 pair of gloves of Doyhic (worn) {rPois}
   (You bought it in a shop in a bazaar)

   It protects you from poison.
 V - the +1 cloak of the Barber Surgeon (worn) {rElec rPois rC+ rCorr}
   (You bought it in a shop on level 4 of the Orcish Mines)

   It protects you from cold.
   It insulates you from electricity.
   It protects you from poison.
   It protects you from acid and corrosion.
Jewellery
 h - an uncursed ring of teleport control
 s - the amulet of Iximuag (around neck) {rElec rPois Int+4 Slay+6 Regen}
   (You found it on level 6 of the Pits of Slime)

   [amulet of regeneration]

   It affects your intelligence (+4).
   It affects your accuracy and damage with ranged weapons and melee attacks
   (+6).
   It insulates you from electricity.
   It protects you from poison.
   It increases your rate of regeneration.
 t - a ring of protection from fire (left hand)
 x - an uncursed ring of protection from magic
 C - an uncursed ring of teleportation
 T - a +5 ring of slaying (right hand)
 U - a +4 ring of evasion
Magical devices
 n - a wand of hasting (5)
 p - a wand of hasting (0)
 I - a wand of draining (5)
 S - a wand of heal wounds (8)
 W - a wand of teleportation (3)
Scrolls
 c - 4 scrolls of immolation
 k - 7 scrolls of recharging
 l - 10 scrolls of teleportation
 q - 17 scrolls of enchant weapon
 u - 3 scrolls of summoning
 v - 6 scrolls of blinking
 y - 15 scrolls of remove curse
 A - a scroll of magic mapping
 B - 3 scrolls of holy word
 D - 3 scrolls of fear
 H - 12 scrolls of identify
 N - 4 scrolls of fog
Potions
 d - 4 potions of invisibility
 j - 3 potions of cancellation
 m - 8 potions of restore abilities
 w - 9 potions of agility
 E - 3 potions of might
 L - a potion of resistance
 P - 15 potions of curing
 R - 5 potions of cure mutation
 X - 4 potions of haste
Miscellaneous
 e - a lamp of fire (inert, charging)
 g - a phial of floods
 K - a lamp of fire
Comestibles
 Y - 4 bread rations


   Skills:
 - Level 24.0 Fighting
 - Level 19.9(20.2) Axes
   Level 5.3(12.7) Polearms
 - Level 1.0 Throwing
 O Level 27 Armour
 + Level 18.4 Dodging
 - Level 1.5 Stealth
 - Level 15.0 Shields
 - Level 12.0 Evocations


You had 26 spell levels left.
You didn't know any spells.

Dungeon Overview and Level Annotations

Branches:
Dungeon (15/15)            Temple (1/1) D:4            Lair (8/8) D:9
  Swamp (5/5) Lair:6        Snake (5/5) Lair:3        Slime (6/6) Lair:8
    Orc (4/4) D:11            Elf (0/3) Orc:3        Vaults (4/5) D:13
  Crypt (0/3) Vaults:2     Depths (5/5) D:15            Zot (5/5) Depths:5

Altars:
Ashenzari
Cheibriados
Dithmenos
Elyvilon
Fedhas
Gozag
Kikubaaqudgha
Makhleb
Nemelex Xobeh
Okawaru
Qazlal
Ru
Sif Muna
Trog
Vehumet
Xom
Yredelemnul
Zin
The Shining One
Beogh
Jiyva

Shops:
D:6 :   D:12 :   D:14 !!!([   Orc:2 [   Orc:4 [:(!   Snake:4 (:   Vaults:2 (
Vaults:3 *   Depths:5 [

Portals:
Hell: Depths:1 Depths:2 Depths:3 Depths:4 Depths:5
Abyss: Depths:4
Pandemonium: Depths:1 Depths:3
Ziggurat: Depths:1

Annotations:
D:3 Grinder
D:10 exclusion: ice statue
Snake:4 Roxanne
Vaults:1 exclusion: obsidian statue


Innate Abilities, Weirdness & Mutations

You have an increased reservoir of magic (+10% MP).


Message History

You sense a powerful magical force warping space.
There is a stone staircase leading down here.
There is a stone staircase leading up here.
You climb upwards.
You sense a powerful magical force warping space.
There is a stone staircase leading down here.
A goblin comes into view.
The goblin shouts!
You slash the goblin!
You kill the goblin!
Trog accepts your kill.
(D) Dungeon (T) Temple (L) Lair (S) Swamp (P) Snake Pit (M) Slime Pits (O) Orcish Mines (E) Elven Halls (V) Vaults (C) Crypt (U) Depths (H) Hell (Z) Zot
Where to? (Enter - D:1 @ (x,y), ? - help)
There is an open door here.
There is an open door here.
There is a staircase leading out of the dungeon here.
You have escaped!

▒·▒▒··▒▒·▒·▒·▒▒··▒▒·▒
▒·▒▒
▒·▒·▒▒·▒·'·▒·▒·▒▒·▒·▒
▒··▒▒
▒·▒·▒>▒▒·▒·▒·▒▒>▒·▒·▒
▒····
▒·▒·▒▒▒·▒▒·▒▒·▒▒▒·▒·▒
▒···▒
▒·▒▒···▒▒▒·▒▒▒···▒▒·▒
▒·▒·▒ ▒·▒▒▒▒▒▒ ▒·▒
▒▒▒▒▒▒·▒ ▒·▒·▒ ▒▒·▒▒
▒▒'▒▒ ▒▒·▒▒▒▒·▒·· ▒▒·▒▒
▒···▒ ▒▒·▒▒····▒·· ▒▒·▒▒
▒·@·▒ ▒▒·▒▒▒·▒▒▒▒▒·
▒▒·▒▒▒···▒▒▒·▒▒ ▒·▒ ▒···
▒▒·▒▒▒'▒▒▒·▒▒ ▒·▒▒▒·▒▒
▒▒·▒▒·▒▒·▒▒ ▒·)···▒▒
▒▒▒▒▒▒·▒·▒·▒▒▒▒▒▒▒▒▒▒··▒▒
▒▒···▒▒·▒·▒·▒▒···▒▒ ▒··▒·
▒▒·▒▒▒·▒·▒·▒·▒·▒▒▒·▒▒
▒··▒·
▒·▒▒>▒·▒·▒·'·▒·▒>▒▒·▒
▒··▒·
▒·▒·▒▒·▒·▒·▒·▒·▒▒·▒·▒
▒··▒▒


There were no monsters in sight!

Vanquished Creatures
  2 ancient liches
  2 orbs of fire
  Norris (Vaults:2)
  2 curse toes
  2 caustic shrikes (Depths:3)
  7 golden dragons
  2 bone dragons
  Frederick (Depths:5)
  An electric golem (Zot:5)
  Nikola (Snake:1)
  An Ice Fiend (IceCv)
  17 Orb Guardians
  14 tentacled monstrosities
  A titan (Slime:6)
  A deep elf master archer (Depths:4)
  A deep elf blademaster (Depths:4)
  A Shadow Fiend (Depths:3)
  5 liches
  An octopode crusher (Depths:4)
  7 acid blobs (Slime:6)
  6 sphinxes
  2 ancient champions (Depths:4)
  5 shadow dragons
  2 tengu reavers (Depths:3)
  2 thorn hunters (Swamp:5)
  4 draconian monks
  9 storm dragons
  11 greater nagas
  2 azure jellies
  An orc warlord (Depths:4)
  A balrug (Depths:3)
  6 fire giants
  Aizul (Snake:4)
  Louise (Swamp:3)
  3 emperor scorpions
  6 frost giants
  An iron dragon (Depths:5)
  3 draconian scorchers
  4 vault wardens
  4 draconian knights
  5 draconian zealots
  Gastronok (D:10)
  2 deep elf sorcerers (D:13)
  Jorgrun (Swamp:4)
  4 draconian annihilators
  16 very ugly things
  4 spriggan defenders (Depths:2)
  19 stone giants
  3 draconian shifters
  6 green draconians
  A deep elf demonologist (Depths:4)
  9 rakshasas
  A draconian caller (Zot:1)
  7 black draconians
  2 salamander firebrands (Depths:4)
  10 grey draconians
  Azrael (D:14)
  A deep elf annihilator (Depths:4)
  7 dire elephants
  8 yellow draconians
  4 pale draconians
  A mottled draconian (Zot:3)
  3 white draconians
  9 purple draconians
  4 red draconians
  6 vault guards
  4 ironheart preservers
  3 ettins
  2 crystal guardians (Depths:4)
  3 death oozes
  Josephine (D:15)
  2 minotaurs (Depths:2)
  21 fire dragons
  11 yaktaur captains
  15 great orbs of eyes
  27 ice dragons
  12 death cobs
  3 jiangshi (Depths:3)
  3 spriggan air magi
  A deep elf high priest (Depths:3)
  13 naga warriors
  Nessos (D:14)
  3 deep troll earth magi
  3 alligators
  2 deep troll shamans
  Erica (D:9)
  6 hydras
  13 ogre magi
  An alligator snapping turtle (Depths:4)
  8 centaur warriors
  2 dancing weapons (Depths:4)
  18 anacondas
  19 death yaks
  2 tengu warriors
  An orc high priest (Depths:4)
  5 spriggan berserkers
  5 vampire magi
  16 naga sharpshooters
  4 catoblepae
  2 sun demons
  2 fire crabs
  3 salamander mystics
  12 shock serpents
  2 shadow wraiths
  8 deep elf knights
  A death drake (Zot:4)
  5 skeletal warriors
  5 giant orange brains
  3 wizards
  20 hell knights
  A fire crab (shapeshifter) (Depths:3)
  8 sea snakes (Snake:5)
  6 unseen horrors
  A spriggan druid (Swamp:5)
  7 naga ritualists
  14 swamp dragons
  4 lindwurms (Depths:4)
  2 deep elf summoners
  An ice devil (IceCv)
  A hill giant (shapeshifter) (Depths:3)
  2 ice statues (IceCv)
  A shambling mangrove (Swamp:5)
  4 flayed ghosts
  24 deep trolls
  10 orc knights
  14 ironbrand convokers
  20 necromancers
  13 hill giants
  2 wolf spider zombies (D:13)
  An anubis guard (shapeshifter) (Vaults:1)
  A harpy (shapeshifter) (Vaults:1)
  2 shining eyes (Slime:6)
  An orb spider (shapeshifter) (Depths:4)
  13 harpies
  An ugly thing zombie (Depths:4)
  6 orc sorcerers
  2 wolf spiders
  9 cyclopes
  6 deep elf conjurers
  16 mana vipers
  72 ugly things
  12 salamanders
  9 guardian serpents
  6 griffons
  3 red wasps
  7 vault sentinels
  9 elephants
  A smoke demon (Depths:4)
  An elephant (shapeshifter) (Vaults:4)
  8 manticores
  2 sixfirhies
  3 eyes of devastation
  42 black mambas
  30 spiny frogs
  19 moths of wrath
  A spiny frog (shapeshifter) (Depths:2)
  4 torpor snails
  2 gargoyles
  A hellion (Depths:4)
  28 naga magi
  A demonic crawler (Vaults:4)
  A purple draconian zombie (Zot:3)
  5 blue devils
  A jumping spider (shapeshifter) (Vaults:4)
  42 yaktaurs
  2 fire drakes (Lair:5)
  6 deep elf priests
  A red devil (Depths:3)
  5 freezing wraiths
  A redback zombie (D:12)
  A hellwing (Depths:3)
  10 komodo dragons
  3 harpy zombies (D:15)
  3 tengu conjurers
  An efreet (D:13)
  18 blink frogs
  A polar bear (shapeshifter) (Vaults:4)
  A red wasp zombie (D:15)
  66 slime creatures
  21 two-headed ogres
  11 trolls
  A wind drake (shapeshifter) (Vaults:1)
  13 giant leeches
  A jumping spider (Vaults:4)
  2 hell beasts
  A raiju (shapeshifter) (Vaults:4)
  A wolf spider simulacrum (D:14)
  18 ravens
  2 spriggan zombies
  5 basilisks
  A raven (shapeshifter) (Depths:2)
  4 boulder beetles
  3 harpy skeletons (D:15)
  An ettin zombie (D:15)
  6 bog bodies
  A baby alligator (shapeshifter) (Depths:4)
  2 trapdoor spider zombies
  17 flying skulls (Zot:4)
  2 spriggans (shapeshifter)
  An air elemental (Depths:4)
  3 shadows
  6 wyverns
  2 trapdoor spiders
  4 vampires
  6 redbacks
  17 humans (D:13)
  A hill giant zombie (D:11)
  A human (shapeshifter) (D:15)
  31 vampire mosquitoes
  A water elemental (Depths:4)
  79 yaks
  9 spriggans
  18 deep elf magi
  2 hogs (shapeshifter) (Vaults:4)
  6 hippogriffs
  A redback simulacrum (D:15)
  7 deep elf fighters
  3 wolves (Lair:3)
  A yak (shapeshifter) (Vaults:4)
  A wraith (D:11)
  A hungry ghost (D:15)
  5 steam dragons
  5 wargs
  3 fire elementals (D:14)
  77 nagas
  A harpy simulacrum (D:15)
  A deep troll zombie (Depths:4)
  20 swamp worms
  2 human zombies
  A hell hound (D:14)
  41 water moccasins
  8 porcupines
  10 eyes of draining
  2 human skeletons (Zot:4)
  2 sky beasts
  A black bear (D:10)
  The ghost of ztt the Chopper, an average MiBe of Trog (D:6)
  14 swamp drakes
  12 ice beasts
  43 ogres
  A human simulacrum (Vaults:2)
  2 sky beasts (shapeshifter)
  10 yellow wasps
  28 centaurs
  5 phantoms
  3 necrophages (D:9)
  30 orc warriors
  5 boggarts (D:15)
  16 crocodiles
  Sigmund (D:6)
  5 big kobolds
  2 brain worms (D:13)
  A boring beetle (Lair:8)
  27 giant frogs
  11 insubstantial wisps
  2 wyvern zombies
  3 wyvern skeletons
  16 killer bees
  8 scorpions
  A water moccasin skeleton (D:6)
  A troll zombie (D:11)
  8 wights
  5 electric eels
  10 crimson imps
  3 goliath beetles
  22 jellies
  10 hounds
  2 quasits
  A gnoll shaman (D:7)
  An iron imp (Depths:1)
  3 centaur skeletons
  A giant frog skeleton (D:4)
  27 orc priests
  46 orc wizards
  10 worker ants
  14 iguanas
  6 orange rats (Vaults:4)
  12 sheep
  A killer bee zombie (D:8)
  Ijyb (D:2)
  4 ogre zombies (D:11)
  A hound skeleton (D:7)
  Terence (D:2)
  A worker ant zombie (D:8)
  114 green rats
  30 adders
  A gnoll (shapeshifter) (Depths:2)
  6 gnolls
  2 worms
  3 giant mites
  3 shadow imps
  2 giant eyeballs (Depths:4)
  219 orcs
  16 bats
  24 goblins
  21 hobgoblins
  17 jackals
  38 kobolds
  12 quokkas
  5 ball pythons
  6 giant cockroaches
  7 giant geckos
  4 giant newts
  2 giant spores
  A goblin zombie (D:11)
  2 hobgoblin skeletons (D:11)
  2 hobgoblin zombies (D:11)
  4 orc skeletons (D:11)
  11 orc zombies
  17 rats
  7 ballistomycetes
  6 briar patches (Swamp:5)
  10 fungi
  8 plants
2726 creatures vanquished.

Vanquished Creatures (collateral kills)
  An ancient lich (Zot:5)
  2 Killer Klowns (Zot:5)
  A golden dragon (Depths:5)
  The ghost of Vidiiot the Executioner, a great GrBe of Makhleb (Swamp:3)
  A tentacled monstrosity (Zot:5)
  Vashnia (Snake:5)
  3 Orb Guardians (Zot:5)
  A thorn hunter (Swamp:2)
  A draconian zealot (Zot:5)
  An orc warlord (Orc:3)
  A grey draconian (Zot:5)
  A yellow draconian (Zot:5)
  A pale draconian (Zot:5)
  An ettin (Orc:4)
  A vault guard (D:13)
  2 fire dragons
  An ogre mage (Orc:4)
  The ghost of Vidiiot the Cleaver, a powerful GrBe of Trog (Orc:3)
  15 hydras
  3 death yaks (Lair:7)
  4 naga sharpshooters (Snake:5)
  A shock serpent (Snake:5)
  2 skeletal warriors (D:14)
  A hell knight (Depths:2)
  A giant orange brain (Vaults:3)
  A sea snake (Snake:5)
  A necromancer (D:13)
  A swamp dragon (Swamp:5)
  An orc knight (Vaults:3)
  An ugly thing zombie (Depths:2)
  A shining eye (Slime:2)
  2 black mambas
  4 trolls (Orc:4)
  2 giant leeches
  2 two-headed ogres (Orc:4)
  13 slime creatures
  6 yaks (Lair:7)
  A human (D:13)
  A hippogriff (Lair:7)
  A swamp worm (Swamp:5)
  A water moccasin (Snake:3)
  A swamp drake (Swamp:5)
  4 orc warriors (Orc:3)
  An ice beast (Swamp:5)
  8 ogres (Orc:4)
  A yellow wasp zombie (Depths:2)
  A jelly (Slime:2)
  An orc wizard (Orc:3)
  3 orc priests
  A green rat (Lair:7)
  6 orcs
  A hobgoblin (Orc:1)
  A goblin (Orc:3)
117 creatures vanquished.

Vanquished Creatures (others)
  A shadow dragon (Zot:5)
  A draconian scorcher (Zot:5)
  An ice dragon (Zot:5)
  An anaconda (Snake:4)
  5 deep trolls
  A hill giant (Zot:4)
  A deep elf conjurer (Depths:1)
  A cyclops (Vaults:2)
  A fire giant skeleton (D:15)
  2 water elementals (Zot:5)
  A naga mage (Snake:5)
  A fire elemental (Zot:5)
  2 trolls
  5 two-headed ogres
  A neqoxec (Zot:3)
  A water moccasin (Snake:4)
  4 ogres
  An orc (D:12)
  A giant spore (D:12)
  A rat (D:3)
  A briar patch (Swamp:5)
  A fungus (D:5)
  2 plants
37 creatures vanquished.

Grand Total: 2880 creatures vanquished

Notes
Turn   | Place    | Note
--------------------------------------------------------------
     0 | D:1      | Ratboiler, the Hill Orc Wanderer, began the quest for the Orb.
     0 | D:1      | Ratboiler set off with: a +2 scale mail, a +0 spear, 11 poisoned needles, a +0 blowgun, a +0 dagger, a meat ration
     0 | D:1      | Reached XP level 1. HP: 16/16 MP: 1/1
   409 | D:1      | Reached XP level 2. HP: 23/25 MP: 2/2
  1044 | D:1      | Reached skill level 4 in Fighting
  1044 | D:1      | Reached XP level 3. HP: 17/33 MP: 3/3
  1375 | D:2      | Reached XP level 4. HP: 37/40 MP: 4/4
  1591 | D:2      | Noticed Terence
  1626 | D:2      | Killed Terence
  1745 | D:2      | Noticed Ijyb
  2398 | D:2      | Killed Ijyb
  2398 | D:2      | Reached XP level 5. HP: 46/46 MP: 5/5
  3005 | D:3      | Reached skill level 5 in Polearms
  3228 | D:3      | Reached XP level 6. HP: 52/52 MP: 6/6
  3325 | D:3      | Reached skill level 1 in Axes
  3477 | D:3      | Noticed Grinder
  4059 | D:4      | Found a staircase to the Ecumenical Temple.
  4214 | Temple   | Entered the Ecumenical Temple
  4532 | Temple   | Became a worshipper of Trog the Wrathful
  5016 | D:4      | Reached skill level 5 in Axes
  5016 | D:4      | Reached XP level 7. HP: 47/59 MP: 7/7
  5402 | D:4      | Reached skill level 6 in Axes
  5482 | Temple   | Reached skill level 7 in Axes
  6558 | D:4      | Reached skill level 8 in Axes
  6591 | D:5      | Entered Level 5 of the Dungeon
  6601 | D:5      | Acquired Trog's first power
  6811 | D:5      | Reached XP level 8. HP: 40/66 MP: 8/8
  6991 | D:5      | Reached skill level 9 in Axes
  7123 | D:5      | Found a radiant altar of Vehumet.
  7445 | D:5      | Noticed a steam dragon
  7445 | D:5      | Noticed a steam dragon
  7577 | D:5      | Killed a steam dragon
  7577 | D:5      | Reached skill level 10 in Axes
  8097 | D:5      | Killed a steam dragon
  8097 | D:5      | Reached skill level 11 in Axes
  8686 | D:6      | Noticed ztt's ghost (average MiBe)
  8818 | D:5      | Reached skill level 12 in Axes
  8818 | D:5      | Reached XP level 9. HP: 62/71 MP: 9/9
  8867 | D:6      | Killed ztt's ghost
  8946 | D:6      | Found Gyim's Book Boutique.
  9417 | D:6      | Noticed Sigmund
  9438 | D:7      | Reached skill level 13 in Axes
  9551 | D:6      | Killed Sigmund
  9551 | D:6      | Acquired Trog's second power
  9962 | D:7      | Reached skill level 14 in Axes
 11005 | D:7      | Found a runed door.
 11066 | D:7      | Reached skill level 15 in Axes
 11264 | D:7      | Reached XP level 10. HP: 79/79 MP: 10/10
 12074 | D:8      | Reached skill level 5 in Fighting
 12492 | D:9      | Acquired Trog's third power
 12725 | D:8      | Reached skill level 5 in Armour
 13429 | D:9      | Found a staircase to the Lair.
 13587 | D:10     | Entered Level 10 of the Dungeon
 13587 | D:10     | Noticed Erica
 13599 | D:9      | Killed Erica
 13599 | D:9      | Reached XP level 11. HP: 89/94 MP: 11/11
 13795 | D:10     | Received a gift from Trog
 13896 | D:10     | Got a crude diamond amulet
 14096 | D:10     | Found Chabbat's Magic Scroll Boutique.
 14102 | D:10     | Noticed Gastronok
 14217 | D:10     | Killed Gastronok
 14994 | D:10     | Received a gift from Trog
 15467 | D:10     | Killed an unseen horror
 15467 | D:10     | Reached skill level 10 in Fighting
 15691 | D:10     | Noticed an ice statue
 16665 | D:11     | Found a staircase to the Orcish Mines.
 16787 | D:11     | Found a flagged portal.
 16866 | D:11     | Noticed Nessos
 17177 | Lair:1   | Entered Level 1 of the Lair of Beasts
 17187 | Lair:1   | Reached skill level 10 in Armour
 17555 | Lair:1   | Noticed an eight-headed hydra
 17628 | Lair:2   | Reached XP level 12. HP: 108/110 MP: 12/12
 17721 | Lair:2   | Noticed a seven-headed hydra
 17776 | Lair:1   | Received a gift from Trog
 18169 | Lair:1   | Noticed an eight-headed hydra
 19279 | Lair:3   | Received a gift from Trog
 19287 | Lair:3   | Got an ichor-stained executioner's axe {god gift}
 19288 | Lair:3   | Identified the +9 executioner's axe "Dieril" {chop, +Blink +Fly Dex+2} (Trog gifted it to you on level 3 of the Lair of Beasts)
 19317 | Lair:3   | Reached skill level 16 in Axes
 19485 | Lair:3   | Found a staircase to the Snake Pit.
 19809 | Lair:3   | Reached skill level 17 in Axes
 20526 | Lair:4   | Received a gift from Trog
 20867 | Lair:4   | Reached skill level 18 in Axes
 20867 | Lair:4   | Reached XP level 13. HP: 113/119 MP: 13/13
 21946 | Lair:5   | Received a gift from Trog
 22146 | Lair:5   | Reached skill level 19 in Axes
 22848 | Lair:6   | Found a staircase to the Swamp.
 22864 | Lair:6   | Received a gift from Trog
 23081 | Lair:6   | Identified a scroll of acquirement
 23853 | Lair:6   | Reached skill level 1 in Dodging
 24630 | Lair:7   | Received a gift from Trog
 25183 | Lair:7   | Gained mutation: Your mind is acute. (Int +2) [potion of mutation]
 25183 | Lair:7   | Gained mutation: Your flesh is cold resistant. [potion of mutation]
 25183 | Lair:7   | Gained mutation: Your spells are a little easier to cast, but a little less powerful. [potion of mutation]
 25231 | Lair:7   | Reached XP level 14. HP: 52/129 MP: 14/14
 25237 | Lair:7   | Received a gift from Trog
 25340 | Lair:7   | Found an ancient bone altar of Kikubaaqudgha.
 25606 | Lair:7   | Identified the amulet "Shysubb" {Stasis Str-2 Int+3} (You found it on level 10 of the Dungeon)
 25921 | D:9      | Reached skill level 5 in Dodging
 26230 | Orc:1    | Entered Level 1 of the Orcish Mines
 26316 | Orc:1    | Received a gift from Trog
 26427 | Orc:1    | Found a roughly hewn altar of Beogh.
 26949 | Orc:2    | Found Fumukk's Armour Shop.
 27171 | Orc:2    | Received a gift from Trog
 27379 | Orc:1    | Received a gift from Trog
 27754 | Orc:3    | Noticed an orc warlord
 27768 | Orc:3    | Killed an orc warlord
 27786 | Orc:3    | Received a gift from Trog
 28314 | Orc:3    | Found a staircase to the Elven Halls.
 28503 | Orc:3    | Noticed Vidiiot's ghost (powerful GrBe)
 28561 | Orc:3    | Killed Vidiiot's ghost
 28812 | Orc:4    | Entered Level 4 of the Orcish Mines
 28960 | Orc:4    | Found a flickering gateway to a bazaar.
 28969 | Bazaar   | Entered a bazaar
 28969 | Bazaar   | Found Niqaykk's Armour Boutique.
 28969 | Bazaar   | Found Uttonnia's Weapon Shop.
 28969 | Bazaar   | Found Mneit's Armour Shop.
 28980 | Bazaar   | Bought a +0 pair of boots for 49 gold pieces
 28980 | Bazaar   | Bought the +2 pair of gloves of Doyhic {rPois} for 282 gold pieces
 29001 | Bazaar   | Bought a +2 chain mail of fire resistance for 150 gold pieces
 29027 | Orc:4    | Received a gift from Trog
 29586 | Orc:4    | Found a roughly hewn altar of Beogh.
 29611 | Orc:4    | Paralysed by an orc sorcerer for 5 turns
 29617 | Orc:4    | Received a gift from Trog
 29818 | Orc:4    | Found Brecac's Distillery.
 29818 | Orc:4    | Found Griurghog's Armour Boutique.
 29818 | Orc:4    | Found Tessisoe's Book Shop.
 29828 | Orc:4    | Found Pinnoiryo's Antique Weapon Shop.
 30172 | Orc:4    | Bought the +1 cloak of the Barber Surgeon {rElec rPois rC+ rCorr} for 725 gold pieces
 30218 | Orc:4    | Bought a potion of curing for 36 gold pieces
 30218 | Orc:4    | Bought a potion of curing for 36 gold pieces
 30218 | Orc:4    | Bought a potion of invisibility for 96 gold pieces
 30219 | Orc:4    | Bought a potion of confusion for 12 gold pieces
 30848 | D:11     | Received a gift from Trog
 31940 | D:12     | Received a gift from Trog
 32141 | Orc:4    | Bought a pitted broad axe for 252 gold pieces
 32145 | Orc:4    | Identified the +9 broad axe of Demand {chop, Stlth+ Curse} (You bought it in a shop on level 4 of the Orcish Mines)
 32151 | Orc:4    | Bought a +0 large shield for 81 gold pieces
 32154 | Orc:4    | Bought a +0 shield for 81 gold pieces
 32228 | Orc:2    | Bought a cursed +0 buckler for 42 gold pieces
 32599 | Swamp:1  | Entered Level 1 of the Swamp
 33143 | Swamp:1  | Reached XP level 15. HP: 139/139 MP: 15/15
 34190 | Swamp:2  | Noticed a thorn hunter
 34195 | Swamp:2  | Killed a thorn hunter
 34851 | Swamp:3  | Reached skill level 15 in Fighting
 34961 | Swamp:3  | Noticed Vidiiot's ghost (great GrBe)
 34986 | Swamp:3  | Killed Vidiiot's ghost
 35200 | Swamp:3  | Received a gift from Trog
 35735 | Swamp:3  | Noticed Louise
 35747 | Swamp:3  | Killed Louise
 35747 | Swamp:3  | Reached skill level 5 in Shields
 36041 | Swamp:4  | Noticed Jorgrun
 36060 | Swamp:4  | Killed Jorgrun
 36487 | Swamp:5  | Entered Level 5 of the Swamp
 36541 | Swamp:5  | Found a frozen archway.
 36563 | Swamp:5  | Received a gift from Trog
 36607 | IceCv    | Entered an ice cave
 36913 | IceCv    | Noticed an Ice Fiend
 36933 | IceCv    | Killed an Ice Fiend
 37802 | Snake:1  | Entered Level 1 of the Snake Pit
 38423 | Snake:1  | Received a gift from Trog
 38614 | Snake:1  | Reached XP level 16. HP: 141/149 MP: 10/16
 39333 | Snake:1  | Noticed Nikola
 39359 | Snake:1  | Killed Nikola
 39362 | Snake:1  | Got a pair of pitted gloves
 39408 | Snake:1  | Identified the cursed -4 pair of gloves of Responsibility {Str+2 Dex+1} (You took it off Nikola on level 1 of the Snake Pit)
 41223 | Snake:2  | Reached skill level 10 in Shields
 41744 | Snake:3  | Received a gift from Trog
 42764 | Snake:3  | Reached skill level 10 in Dodging
 43621 | Snake:3  | Received a gift from Trog
 43857 | Snake:3  | Reached XP level 17. HP: 156/156 MP: 17/17
 44446 | Snake:4  | Received a gift from Trog
 45087 | Snake:4  | Noticed Roxanne
 45126 | Snake:4  | Found Xaosynnaq's Book Emporium.
 45136 | Snake:4  | Found Twang's Weapon Shop.
 45154 | Snake:4  | Found a bloodstained altar of Trog.
 45705 | Snake:4  | Noticed Aizul
 45720 | Snake:4  | Killed Aizul
 45805 | Snake:5  | Entered Level 5 of the Snake Pit
 46132 | Snake:5  | Noticed Vashnia
 46607 | Snake:5  | Received a gift from Trog
 47835 | Snake:5  | Received a gift from Trog
 48463 | Snake:5  | Reached XP level 18. HP: 137/163 MP: 18/18
 48485 | Snake:5  | Killed Vashnia
 49142 | Snake:5  | Received a gift from Trog
 50083 | Snake:5  | Got a serpentine rune of Zot
 50821 | D:12     | Found Ceul's Book Shop.
 50953 | D:12     | Received a gift from Trog
 51962 | D:13     | Found a shimmering altar of Xom.
 52071 | D:13     | Received a gift from Trog
 52145 | D:13     | Found a gate to the Vaults.
 52570 | D:13     | Received a gift from Trog
 52640 | D:13     | Identified Goamagh's Compendium of Assistive Curses
 52651 | D:13     | Identified the Grimoire of the Lost Spirits
 52698 | D:13     | Found a deep blue altar of Sif Muna.
 52777 | D:13     | Identified Sif Muna's Catalogue of Noxious Sinister Magic
 52939 | D:13     | Identified a +0 rod of ignition (14/14) (You found it on level 13 of the Dungeon)
 53141 | D:14     | Found Gidaojac's Distillery.
 53147 | D:14     | Bought a potion of beneficial mutation for 525 gold pieces
 53147 | D:14     | Bought a potion of curing for 45 gold pieces
 53147 | D:14     | Bought a potion of haste for 150 gold pieces
 53147 | D:14     | Bought a potion of might for 60 gold pieces
 53147 | D:14     | Bought a potion of restore abilities for 75 gold pieces
 53147 | D:14     | Bought 2 potions of heal wounds for 150 gold pieces
 53149 | D:14     | Gained mutation: Your flesh is very cold resistant. [potion of beneficial mutation]
 53161 | D:14     | Found Ghaeca's Distillery.
 53176 | D:14     | Bought a potion of heal wounds for 55 gold pieces
 53176 | D:14     | Bought a potion of heal wounds for 55 gold pieces
 53176 | D:14     | Bought a potion of heal wounds for 55 gold pieces
 53216 | D:14     | Killed Nessos
 53326 | D:14     | Found Oqeb's Distillery.
 53358 | D:14     | Bought a potion of haste for 150 gold pieces
 53431 | D:14     | Noticed Azrael
 53442 | D:14     | Killed Azrael
 53442 | D:14     | Received a gift from Trog
 53927 | D:14     | Found Guaptada's Weapon Emporium.
 54034 | D:14     | Reached XP level 19. HP: 82/170 MP: 18/18
 54055 | D:14     | Got a twitching sapphire amulet
 54295 | D:14     | Found Niaqeil's Antique Armour Emporium.
 54298 | D:14     | Bought a fine ring mail for 261 gold pieces
 54309 | D:14     | Identified the cursed -3 ring mail of Midnight {Int+2 SInv} (You bought it in a shop on level 14 of the Dungeon)
 54437 | D:15     | Entered Level 15 of the Dungeon
 54477 | D:15     | Found a staircase to the Depths.
 54496 | D:15     | Paralysed by an orc sorcerer for 2 turns
 54509 | D:15     | Reached skill level 15 in Dodging
 54813 | D:15     | Received a gift from Trog
 55035 | D:15     | Noticed Josephine
 55048 | D:15     | Killed Josephine
 55712 | D:15     | Identified a +0 rod of the swarm (12/12) (You found it on level 15 of the Dungeon)
 56161 | Lair:1   | Killed a 13-headed hydra
 56365 | Swamp:1  | You fall through a shaft!
 56387 | Swamp:2  | Reached skill level 15 in Shields
 56389 | Swamp:2  | Received a gift from Trog
 56773 | Swamp:5  | Reached skill level 15 in Armour
 57174 | Swamp:5  | Noticed a thorn hunter
 57184 | Swamp:5  | Killed a thorn hunter
 57341 | Swamp:5  | Identified the amulet "Skiq Eli" {Inacc Str+5 Int-4} (You found it on level 14 of the Dungeon)
 57661 | Swamp:5  | Got a decaying rune of Zot
 58557 | D:13     | Reached skill level 1 in Evocations
 58636 | Vaults:1 | Entered Level 1 of the Vaults
 58817 | Vaults:1 | Reached skill level 5 in Evocations
 59553 | Vaults:1 | Received a gift from Trog
 60146 | Vaults:2 | Found Louph's Antique Weapon Boutique.
 60155 | Vaults:2 | Reached XP level 20. HP: 167/180 MP: 29/30
 60198 | Vaults:2 | Noticed Norris
 60213 | Vaults:2 | Killed Norris
 60354 | Vaults:2 | Received a gift from Trog
 60413 | Vaults:2 | Found a staircase to the Crypt.
 60950 | Vaults:2 | Reached skill level 10 in Evocations
 61827 | Vaults:2 | Received a gift from Trog
 62054 | Vaults:2 | Received a gift from Trog
 62504 | Vaults:3 | Found Tiocwami's Assorted Antiques.
 62514 | Vaults:3 | Bought a viscous inky potion for 20 gold pieces
 62514 | Vaults:3 | Bought a lead wand for 92 gold pieces
 62599 | Vaults:3 | Received a gift from Trog
 62967 | Vaults:3 | Received a gift from Trog
 63887 | Lair:2   | Killed a seven-headed hydra
 64447 | Lair:7   | Received a gift from Trog
 65017 | Lair:8   | Entered Level 8 of the Lair of Beasts
 65017 | Lair:8   | Found a staircase to the Slime Pits.
 65017 | Lair:8   | Found a viscous altar of Jiyva.
 65876 | Slime:1  | Entered Level 1 of the Pits of Slime
 65886 | Slime:1  | Reached XP level 21. HP: 192/192 MP: 34/34
 66182 | Slime:3  | Received a gift from Trog
 66626 | Slime:6  | Entered Level 6 of the Pits of Slime
 67328 | Slime:5  | Paralysed by a great orb of eyes for 3 turns
 67336 | Slime:5  | Received a gift from Trog
 67464 | Slime:6  | Gained mutation: You have difficulty communicating with the divine. [a shining eye]
 67467 | Slime:6  | Lost mutation: Your mind is acute. (Int +2) [potion of cure mutation]
 67467 | Slime:6  | Lost mutation: Your spells are a little easier to cast, but a little less powerful. [potion of cure mutation]
 67468 | Slime:6  | Lost mutation: You have difficulty communicating with the divine. [potion of cure mutation]
 67468 | Slime:6  | Lost mutation: Your flesh is very cold resistant. [potion of cure mutation]
 67468 | Slime:6  | Lost mutation: Your flesh is cold resistant. [potion of cure mutation]
 67496 | Slime:6  | Noticed the royal jelly
 67510 | Slime:6  | Noticed a titan shaped Royal Jelly
 67510 | Slime:6  | the royal jelly changed into a titan shaped Royal Jelly
 67518 | Slime:6  | Killed a titan shaped Royal Jelly
 67816 | Slime:6  | Got a heavily runed diamond amulet
 67826 | Slime:6  | Got a polished plate armour
 67840 | Slime:6  | Identified the +8 plate armour "Pejuri" {rPois rCorr} (You found it on level 6 of the Pits of Slime)
 67844 | Slime:6  | Identified the amulet of Iximuag {rElec rPois Int+4 Slay+6 Regen} (You found it on level 6 of the Pits of Slime)
 67968 | Slime:6  | Got a slimy rune of Zot
 69553 | Vaults:4 | Received a gift from Trog
 69804 | Vaults:4 | Received a gift from Trog
 70389 | Depths:1 | Entered Level 1 of the Depths
 70503 | Depths:1 | Reached XP level 22. HP: 204/206 MP: 34/34
 70541 | Depths:1 | Received a gift from Trog
 71251 | Depths:1 | Received a gift from Trog
 71465 | Depths:1 | Found a gateway to a ziggurat.
 71705 | Depths:1 | Received a gift from Trog
 71862 | Depths:1 | Found a one-way gate leading to the halls of Pandemonium.
 71957 | Depths:1 | Found a gateway to Hell.
 72062 | Depths:2 | Received a gift from Trog
 72643 | Depths:2 | Received a gift from Trog
 72651 | Depths:2 | Reached skill level 20 in Fighting
 73233 | Depths:2 | Received a gift from Trog
 73583 | Depths:3 | Reached XP level 23. HP: 211/217 MP: 35/35
 73686 | Depths:3 | Reached skill level 21 in Armour
 74082 | Depths:3 | Received a gift from Trog
 74767 | Depths:2 | Reached skill level 22 in Armour
 74851 | Depths:4 | Found a one-way gate to the infinite horrors of the Abyss.
 75238 | Depths:4 | Received a gift from Trog
 75460 | Depths:4 | Reached XP level 24. HP: 201/231 MP: 36/36
 75495 | Depths:4 | Reached skill level 23 in Armour
 75596 | Depths:4 | Identified the Almanac of Sinister Arts
 75940 | Depths:4 | Noticed an ancient lich
 75943 | Depths:4 | Paralysed by a giant eyeball for 3 turns
 75955 | Depths:4 | Paralysed by a giant eyeball for 3 turns
 75963 | Depths:4 | Paralysed by a giant eyeball for 4 turns
 76359 | Depths:4 | Paralysed by an ancient lich for 2 turns
 76368 | Depths:4 | Killed an ancient lich
 76479 | Depths:5 | Entered Level 5 of the Depths
 76496 | Depths:5 | Received a gift from Trog
 76587 | Depths:5 | Received a gift from Trog
 76801 | Depths:5 | Reached skill level 24 in Armour
 76984 | Depths:5 | Paralysed by a great orb of eyes for 7 turns
 77003 | Depths:5 | Noticed Frederick
 77013 | Depths:5 | Killed Frederick
 77162 | Depths:5 | Found Klaasos' Antique Armour Emporium.
 77302 | Depths:5 | Found a gate to the Realm of Zot.
 77381 | Zot:1    | Entered Level 1 of the Realm of Zot
 77458 | Depths:4 | Paralysed by a giant eyeball for 2 turns
 77984 | Zot:1    | Reached XP level 25. HP: 214/240 MP: 12/36
 78864 | Zot:2    | Received a gift from Trog
 78967 | Zot:2    | Reached skill level 25 in Armour
 79509 | Zot:2    | Gained mutation: You have an increased reservoir of magic (+10% MP). [potion of beneficial mutation]
 80832 | Zot:3    | Got a brightly glowing scale mail
 80833 | Zot:3    | Identified the +6 scale mail of the Garden {+Inv rPois Int+2} (You found it on level 3 of the Realm of Zot)
 81105 | Zot:3    | Received a gift from Trog
 81105 | Zot:3    | Reached skill level 26 in Armour
 81458 | Zot:4    | Noticed an orb of fire
 81495 | Zot:4    | Killed an orb of fire
 81578 | Zot:4    | Reached XP level 26. HP: 237/254 MP: 13/40
 82565 | Zot:4    | Received a gift from Trog
 82587 | Zot:4    | Reached skill level 27 in Armour
 82710 | Zot:4    | Noticed an ancient lich
 82724 | Zot:4    | Killed an ancient lich
 82724 | Zot:4    | Received a gift from Trog
 82748 | Zot:4    | Received a gift from Trog
 82935 | Zot:5    | Entered Level 5 of the Realm of Zot
 83572 | Zot:5    | Noticed an orb of fire
 83597 | Zot:5    | Killed an orb of fire
 83615 | Zot:5    | Reached XP level 27. HP: 196/261 MP: 13/40
 83670 | Zot:5    | Noticed an ancient lich
 83680 | Zot:5    | Killed an ancient lich
 83756 | Zot:5    | Got the Orb of Zot
 83763 | Zot:5    | Noticed Crobrufi the pandemonium lord
 84325 | D:$      | Escaped with the Orb!

Action                   |  1- 3 |  4- 6 |  7- 9 | 10-12 | 13-15 | 16-18 | 19-21 | 22-24 | 25-27 || total
-------------------------+-------+-------+-------+-------+-------+-------+-------+-------+-------++-------
Melee: Spear             |   108 |   471 |   298 |       |       |       |       |       |       ||   877
       War axe           |       |       |   319 |   307 |       |       |       |       |       ||   626
       Broad axe         |       |       |       |   486 |   762 |  1550 |  1648 |  1257 |  1209 ||  6912
       Battleaxe         |       |       |       |    79 |       |       |       |       |       ||    79
       Executioner's axe |       |       |       |    18 |   568 |       |   225 |    30 |       ||   841
 Fire: Blowgun           |       |    46 |    36 |    69 |     7 |       |       |       |       ||   158
Throw: Javelin           |       |     1 |     3 |     2 |     1 |       |       |       |       ||     7
Invok: Burn Spellbooks   |       |     1 |     1 |     1 |       |     4 |     6 |    10 |     4 ||    27
       Berserk           |       |       |     5 |     7 |    11 |    14 |    17 |    10 |    15 ||    79
       Trog's Hand       |       |       |     1 |     5 |    14 |    20 |    11 |    14 |    17 ||    82
       Brothers in Arms  |       |       |       |     1 |    18 |     7 |    15 |     3 |     6 ||    50
Evoke: Wand              |       |       |     1 |     4 |     5 |     2 |    14 |     1 |     4 ||    31
       Phial of floods   |       |       |       |       |       |       |       |       |     1 ||     1
       Lamp of fire      |       |       |       |       |       |       |       |       |     1 ||     1
  Use: Scroll            |     4 |     1 |     3 |    11 |    15 |    15 |    18 |     5 |    19 ||    91
       Potion            |       |       |       |       |     4 |     3 |     5 |     1 |    14 ||    27
 Stab: Distracted        |       |       |       |       |     1 |       |     1 |       |     2 ||     4
  Eat: Fruit             |     1 |     2 |       |     1 |     6 |       |    11 |     3 |       ||    24
       Chunk             |       |     7 |     4 |    10 |     9 |    42 |    42 |    26 |    14 ||   154
       Pizza             |       |     1 |       |    11 |       |     1 |     1 |     3 |     3 ||    20
       Bread ration      |       |     1 |     1 |     1 |     5 |     2 |     2 |     2 |     4 ||    18
       Beef jerky        |       |     1 |       |     1 |     5 |       |     1 |     2 |     4 ||    14
       Meat ration       |       |       |     3 |       |     6 |     3 |     3 |       |     2 ||    17
       Royal jelly       |       |       |     1 |     1 |       |       |     1 |     1 |       ||     4
